 Dungeon Crawl Stone Soup version 0.28-a0-224-g76b539d98b (console) character file.

Game seed: 11539186738460090806

214 FIQ the Skirmisher (level 5, -1/42 HPs)
             Began as a Demonspawn Monk on Aug 21, 2021.
             Slain by Sigmund (2 damage)
             ... on level 4 of the Dungeon.
             The game lasted 00:05:15 (3637 turns).

FIQ the Skirmisher (Demonspawn Monk)                Turns: 3637, Time: 00:05:15

Health: -1/42      AC:  9    Str: 11 (12) XL:     5   Next: 60%
Magic:  14/14      EV:  6    Int: 11      God:
Gold:   155        SH:  0    Dex: 16      Spells: 4/4 levels left

rFire   . . .      SeeInvis .     - Unarmed
rCold   . . .      Faith    .   (no shield)
rNeg    . . .      Spirit   .   i - +0 chain mail
rPois   .          Reflect  .   j - +0 helmet
rElec   .          Harm     .   (no cloak)
rCorr   .          Rampage  .   (no gloves)
Will    .....                   (no boots)
Stlth   ..........              n - amulet of regeneration
HPRegen 1.14/turn               k - ring of magical power
MPRegen 0.14/turn               (no ring)

@: no status effects
A: claws 1, talons 2
a: no special abilities


You were on level 4 of the Dungeon.
You visited 1 branch of the dungeon, and saw 4 of its levels.

You collected 155 gold pieces.

Inventory:

Missiles
 q - a throwing net (quivered)
Armour
 a - a +0 robe
 i - a +0 chain mail (worn)
 j - a +0 helmet (worn)
Jewellery
 k - a ring of magical power (left claw)
 n - an amulet of regeneration (around neck)
Wands
 m - a wand of mindburst (12)
Scrolls
 b - 3 scrolls of identify {unknown}
 d - 2 scrolls of teleportation {unknown}
 e - a scroll of vulnerability {unknown}
 f - a scroll of fear {unknown}
 h - a scroll of brand weapon {unknown}
 l - a scroll of torment {unknown}
 r - a scroll of noise {unknown}
Potions
 c - a potion of curing
 g - 2 potions of degeneration
 o - 2 potions of flight
 p - a potion of heal wounds


   Skills:
 + Level 4.2 Fighting
 + Level 1.2 Armour
 + Level 3.9 Dodging
 - Level 1.7 Stealth
 + Level 3.9 Unarmed Combat


You had 4 spell levels left.
You didn't know any spells.
Your spell library was empty.

Dungeon Overview and Level Annotations

Branches:
Dungeon (4/15)
 Temple: D:4-7

Altars:

Annotations:
D:4 Sigmund


Innate Abilities, Weirdness & Mutations

You have sharp fingernails.
You have razor-sharp toenails.


Message History

No target in view!
HP restored.
Found a shiny tower shield.
Sigmund the Dreaded comes into view.
He is wielding a +2 vorpal scythe.
Sigmund shouts!
Sigmund barely misses you.
Sigmund is nearby!
Sigmund is nearby!
Okay, then.
You closely miss Sigmund. Your kick misses Sigmund.
Sigmund drinks a potion.
Sigmund flickers and vanishes!
Deactivating autopickup; reactivate with @.
You scratch something. You claw something.
You hear some strange, mumbled words.
Something tries to affect you, but you resist.
Your chain mail prevents you from hitting something.
Something hits you!
You closely miss something. You closely miss something. You claw something.
You hear some strange, mumbled words.
A magic dart appears from out of thin air!
The magic dart hits you.
You claw something! Something hits you.
You scratch something. You claw something.
You hear some strange, mumbled words.
Something tries to affect you, but you resist.
You closely miss something. Your kick misses something. You claw something.
You hear some strange, mumbled words.
A puff of flame appears from out of thin air!
The puff of flame hits you.
You scratch something but do no damage. You completely miss something.
Something hits you!
You scratch something. Your kick misses something.
You hear some strange, mumbled words.
A magic dart appears from out of thin air!
The magic dart hits you!
* * * LOW HITPOINT WARNING * * *
You scratch something. Your kick misses something. Something hits you!
* * * LOW HITPOINT WARNING * * *
You die...

# ## #. # . #.# ###
#.#.# w. .#.# #####
... .(... ..
#.######## #### ...
#.#....... J....
[..#####+#.@{.....#
.####
#.........#.####.#
..
#.........#.#..#.#
#.#
#.........#....#.#
#.
#.........###.#..#
#
#.........###....#
#######†....#....#
#####.#....#
#.#....#


There were no monsters in sight!

Vanquished Creatures
  A scorpion (D:3)
  An orc wizard (D:3)
  Robin (D:2)
  An adder (D:3)
  3 worms
  A dart slug (D:3)
  4 orcs (D:3)
  5 ball pythons
  6 endoplasms
  3 giant cockroaches
  10 goblins
  15 hobgoblins
  10 jackals
  6 kobolds
  5 quokkas
  6 bats
  3 frilled lizards
  7 rats
88 creatures vanquished.

Notes
Turn   | Place    | Note
-------+----------+-------------------------------------------
     0 | D:1      | FIQ the Demonspawn Monk began the quest for the Orb.
     0 | D:1      | Reached XP level 1. HP: 18/18 MP: 1/1
   371 | D:1      | Gained mutation: You have sharp toenails. [demonic
                  | ancestry]
   371 | D:1      | Reached XP level 2. HP: 24/24 MP: 2/2
  1097 | D:1      | Reached XP level 3. HP: 26/29 MP: 3/3
  1404 | D:2      | Found a faded altar of an unknown god.
  1453 | D:2      | Noticed Robin
  1550 | D:2      | Killed Robin
  1976 | D:2      | Gained mutation: You have sharp fingernails. [demonic
                  | ancestry]
  1976 | D:2      | Reached XP level 4. HP: 37/37 MP: 4/4
  2952 | D:3      | Noticed a scorpion
  2971 | D:3      | Killed a scorpion
  2972 | D:3      | Reached skill level 4 in Fighting
  2972 | D:3      | Gained mutation: You have razor-sharp toenails. [demonic
                  | ancestry]
  2972 | D:3      | Reached XP level 5. HP: 29/42 MP: 5/5
  3023 | D:3      | Reached skill level 1 in Armour
  3497 | D:4      | Noticed an ogre
  3624 | D:4      | Noticed Sigmund
  3637 | D:4      | HP: 1/42 [something (9)]
  3637 | D:4      | Slain by Sigmund

Illustrated notes

Levels and vault maps discovered:
D:1:      mainiacjoe_arrival_reflecting_pool, layout_basic,
          minmay_misc_feat_doors
D:2:      layout_basic, ebering_ecumenical_altar_hall, uniq_robin
D:3:      layout_rooms, minmay_pentangle
D:4:      layout_basic, uniq_sigmund

Skill      XL: |  1  2  3  4  5 |
---------------+----------------+-----
Dodging        | 3 |  3.9
Unarmed Combat | 3 |  3.9
Fighting       | 4 |  4.2
Armour         | 1 |  1.2
Stealth        | |  1.7

Action                   |  1- 3 |  4- 6 || total
-------------------------+-------+-------++-------
Melee: Unarmed           |   149 |   133 ||   282
       Kick              |    35 |    34 ||    69
       Punch             |     3 |     3 ||     6
  Use: Potion            |     3 |     5 ||     8
 Stab: Sleeping          |     1 |       ||     1
Armor: Robe              |    20 |     2 ||    22
       Chain mail        |       |    62 ||    62
Dodge: Dodged            |    87 |    36 ||   123

Table legend: (Time is in decaauts)
 A = Elapsed time spent in this place.
 B = Non-inter-level travel time spent in this place.
 C = Inter-level travel time spent in this place.
 D = Time resting spent in this place.
 E = Time spent auto-exploring this place.
 F = Levels seen in this place.
 G = Mean time per level.
                   A        B        C        D        E       F      G
               +--------+--------+--------+--------+--------+-----+--------+
         Total |   3618 |   3498 |    120 |      0 |   2838 |   4 |  904.5 |
       Dungeon |   3618 |   3498 |    120 |      0 |   2838 |   4 |  904.5 |
               +--------+--------+--------+--------+--------+-----+--------+

Top non-repeatable levels by time:
     D:2: 1456 daAuts
     D:1: 1277 daAuts
     D:3: 702 daAuts
     D:4: 182 daAuts
